 Dungeon Crawl Stone Soup version 0.29.1-15-g9cfb28693d (webtiles) character file.

Game seed: 9701198109917059467

240 FaviusArthum the Grave Robber (level 5, -1/28 HPs)
             Began as a Deep Elf Necromancer on Sept 2, 2023.
             Slain by a mummy (11 damage)
             ... on level 3 of the Dungeon.
             The game lasted 00:11:41 (4373 turns).

FaviusArthum the Grave Robber (DENe)                Turns: 4373, Time: 00:11:42

Health: -1/28      AC:  3    Str:  7    XL:     5   Next: 79%
Magic:  13/13      EV: 13    Int: 20    God:
Gold:   99         SH:  0    Dex: 15    Spells: 6/12 levels left

rFire   . . .      SeeInvis +   g - +1 hand axe
rCold   . . .      Faith    .   (no shield)
rNeg    + . .      Spirit   .   a - +1 robe
rPois   .          Reflect  .   (no helmet)
rElec   .          Harm     .   (no cloak)
rCorr   .          Rampage  .   (no gloves)
Will    +....                   (no boots)
Stlth   +++.......              i - amulet "Uvaentao" {rN+ Regen+ SInv}
HPRegen 0.89/turn               s - ring of willpower
MPRegen 0.13/turn               (no ring)

@: no status effects
A: no striking features
a: no special abilities


You were on level 3 of the Dungeon.
You visited 1 branch of the dungeon, and saw 3 of its levels.

You collected 99 gold pieces.

Inventory:

Hand Weapons
 d - a +0 dagger
 f - a +0 short sword
 g - a +1 hand axe (weapon)
Armour
 a - a +1 robe (worn)
Jewellery
 i - the amulet "Uvaentao" (around neck) {rN+ Regen+ SInv}
   (You found it on level 2 of the Dungeon)

   [amulet of regeneration]

   rN:        It protects you from negative energy.
   SInv:      It lets you see invisible.
   Regen:     It increases your rate of health regeneration.
 s - a ring of willpower (left hand)
Scrolls
 j - a scroll of enchant armour
 l - 2 scrolls of poison
 n - a scroll of immolation
 p - a scroll of identify {unknown}
 r - a scroll of vulnerability {unknown}
Potions
 b - 2 potions of magic
 c - 4 potions of flight {unknown}
 e - a potion of curing {unknown}
 h - a potion of heal wounds
 k - a potion of haste {unknown}
 m - 2 potions of resistance {unknown}
 o - a potion of cancellation {unknown}


   Skills:
 + Level 0.4 Fighting
 + Level 1.3 Axes
 * Level 1.8 Armour
 + Level 2.8 Dodging
 + Level 4.2 Stealth
 + Level 4.3 Spellcasting
 + Level 5.9 Necromancy


You had 6 spell levels left.
You knew the following spells:

 Your Spells              Type           Power      Damage    Failure   Level
a - Necrotise             Necr           100%       1d9       1%          1
b - Agony                 Necr           28%        N/A       30%         5

Your spell library contained the following spells:

 Spells                   Type           Power      Damage    Failure   Level
 Vampiric Draining        Necr           28%        2d8       3%          3
 Animate Dead             Necr           28%        N/A       11%         4


Dungeon Overview and Level Annotations

Branches:
Dungeon (3/15)

Altars:
Cheibriados


Message History

You see here a rat corpse.
HP restored.
Found 8 stones.
Found a stone staircase leading down.
s - a ring of willpower
There are no items here.
s - a ring of willpower (left hand)
You see here 8 stones.
Found 3 boomerangs.
A mummy comes into view.
Found a snail-covered altar of Cheibriados.
Throw: 3 darts (poison)
Press: ? - help, Shift-Dir - straight line, f - mummy
Aim: a mummy (73% to hit)
You throw a poisoned dart.
The poisoned dart barely misses the mummy.
Throw: 2 darts (poison)
Press: ? - help, Shift-Dir - straight line, f/p - mummy
Aim: a mummy (73% to hit)
You throw a poisoned dart.
The poisoned dart closely misses the mummy.
Throw: dart (poison)
Press: ? - help, Shift-Dir - straight line, f/p - mummy
Aim: a mummy (73% to hit)
You throw a poisoned dart.
The poisoned dart completely misses the mummy.
Found a whip.
You barely miss the mummy. The mummy hits you!
You hit the mummy.
The mummy is lightly damaged.
The mummy hits you!
You barely miss the mummy.
The mummy is lightly damaged.
You hit the mummy.
The mummy is moderately damaged.
The mummy hits you!
You barely miss the mummy.
The mummy is moderately damaged.
The mummy hits you!
You die...

.#...........#
.......((....
....._......
..........#
........
#.....#
#.M.^.#
##.@...####
#.........)
#.######.##
#.######.#
#...(....#
#.########
#.#####
#.....# #.#
#.###.# #.#


You could see a mummy.

Vanquished Creatures
  Sigmund (D:2)
  An orc wizard (D:3)
  2 worms
  2 orcs (D:3)
  7 endoplasms
  6 giant cockroaches
  5 goblins
  2 hobgoblins
  5 kobolds
  3 quokkas
  A ball python (D:1)
  4 bats
  2 frilled lizards (D:2)
  3 rats
44 creatures vanquished.

Vanquished Creatures (collateral kills)
  A goblin (D:1)
1 creature vanquished.

Vanquished Creatures (others)
  3 fungi (D:1)
  4 plants (D:1)
7 creatures vanquished.

Grand Total: 52 creatures vanquished

Notes
Turn   | Place    | Note
-------+----------+-------------------------------------------
     0 | D:1      | FaviusArthum the Deep Elf Necromancer began the quest for
                  | the Orb.
     0 | D:1      | Reached XP level 1. HP: 10/10 MP: 6/6
   104 | D:1      | Reached skill level 5 in Necromancy
   123 | D:1      | Reached XP level 2. HP: 15/15 MP: 2/8
   390 | D:1      | Found a faded altar of an unknown god.
  1984 | D:2      | Reached XP level 3. HP: 19/19 MP: 7/9
  2406 | D:2      | Identified the amulet "Uvaentao" {rN+ Regen+ SInv}
  2460 | D:2      | Noticed Sigmund
  2465 | D:2      | Reached skill level 1 in Armour
  2476 | D:2      | Killed Sigmund
  2477 | D:2      | Reached skill level 1 in Axes
  2477 | D:2      | Reached XP level 4. HP: 23/24 MP: 1/12
  2477 | D:2      | Reached XP level 5. HP: 27/28 MP: 1/13
  3190 | D:2      | Learned a level 5 spell: Agony
  4361 | D:3      | Found a snail-covered altar of Cheibriados.
  4373 | D:3      | Slain by a mummy

Illustrated notes

Levels and vault maps discovered:
D:1:      roderic_chinese_lattice_arrival, layout_basic,
          shapermc_ecumenical_altar_ellora
D:2:      layout_loops_ring, serial_forest, infiniplex_forest_clump_tiny,
          infiniplex_forest_lined_4_way, infiniplex_forest_clump_tiny,
          infiniplex_forest_clump_tiny, infiniplex_forest_end_1, uniq_sigmund
D:3:      layout_loops_ring, slow_altar_1

Skill      XL: |  1  2  3  4  5 |
---------------+----------------+-----
Necromancy     | 5 |  5.9
Armour         | 1 |  1.8
Axes           | 1 |  1.3
Stealth        | 3 4 |  4.2
Spellcasting   | 4 |  4.3
Fighting       | |  0.4
Dodging        | |  2.8

Action                   |  1- 3 |  4- 6 || total
-------------------------+-------+-------++-------
Melee: Unarmed           |     2 |       ||     2
       Dagger            |     1 |       ||     1
       Hand axe          |    54 |    25 ||    79
       Punch             |     2 |       ||     2
Throw: Dart              |       |     4 ||     4
 Cast: Necrotise         |    37 |    15 ||    52
       Agony             |       |     2 ||     2
  Use: Scroll            |     4 |     1 ||     5
       Potion            |       |     1 ||     1
 Stab: Sleeping          |     5 |       ||     5
Armor: Robe              |     9 |     3 ||    12
Dodge: Dodged            |    26 |    11 ||    37
